 Dungeon Sprint DCSS version 0.26-a0-1213-gd52f5182fe (webtiles) character file.

Game seed: 10050439359048116564

48115 rocky1 the Warrior (level 13, -2/97 HPs)
             Began as a Gargoyle Fighter on Dec 31, 2020.
             Was the Champion of Qazlal.
             Slain by an azure jelly (25 damage)
             ... in the Dungeon (Sprint III: "The Ten Rune Challenge").
             The game lasted 00:17:50 (3793 turns).

rocky1 the Warrior (Gargoyle Fighter)               Turns: 3793, Time: 00:17:51

Health: -2/97      AC: 35    Str: 31    XL:     13   Next: 81%
Magic:  24/25      EV: 17    Int: 11    God:    Qazlal [******]
Gold:   1040       SH: 24    Dex: 14    Spells: 12/12 levels left

rFire    . . .     SeeInvis .   g - +10 morningstar of the Trees {vorpal, rN+}
rCold    . . .     Faith    .   r - +1 kite shield {AC+3}
rNeg     + + +     Spirit   .   b - +0 scale mail
rPois    ∞         Reflect  .   z - +2 helmet
rElec    +         Harm     .   y - +2 cloak {rPois}
rCorr    .         Rampage  .   x - +2 pair of gloves {Str+3}
Will     .....     NoTele   +   t - +1 pair of boots "Facutuen" {*Corrode rPois rN+ Dex+4}
Stlth    ..........             (no amulet)
HPRegen  0.26/turn              C - +6 ring of strength
MPRegen  0.19/turn              (no ring)

@: repel missiles
A: negative energy resistance 1, electricity resistance, unbreathing,
petrification resistance, miasma immunity, AC +9
}: 1/10 runes: serpentine
a: Renounce Religion, Upheaval, Elemental Force, Disaster Area


You were in the Dungeon.
You worshipped Qazlal.
Qazlal was exalted by your worship.
You visited 1 branch You collected 2584 gold pieces.
You spent 1544 gold pieces at shops.

Inventory:

Hand Weapons
 a - a +0 eveningstar of distortion
 g - the +10 morningstar of the Trees (weapon) {vorpal, rN+}
   (You bought it in a shop in the Dungeon)

   It inflicts extra damage upon your enemies.
   It protects you from negative energy.
Missiles
 c - 7 javelins (quivered)
 v - 5 atropa-tipped darts
 w - 4 datura-tipped darts
Armour
 b - a +0 scale mail (worn)
 r - a +1 kite shield of protection (worn)
 t - the +1 pair of boots "Facutuen" (worn) {*Corrode rPois rN+ Dex+4}
   (You found it in the Dungeon)

   It affects your dexterity (+4).
   It protects you from poison.
   It protects you from negative energy.
   It may corrode you when you take damage.
 x - a +2 pair of gloves of strength (worn)
 y - a +2 cloak of poison resistance (worn)
 z - a +2 helmet (worn)
 B - a +0 hat of see invisible
Jewellery
 C - a +6 ring of strength (left hand)
Wands
 d - a wand of acid (12)
Scrolls
 j - a scroll of blinking
 l - a scroll of holy word
 m - 6 scrolls of remove curse
 p - a scroll of identify
Potions
 e - 3 potions of curing
 f - 3 potions of heal wounds
 h - a potion of magic
 k - 5 potions of mutation {unknown}
 q - a potion of flight
 s - 4 potions of haste
Miscellaneous
 i - a tin of tremorstones (2/2)
 u - a phial of floods


   Skills:
 + Level 18.1 Fighting
 - Level 16.0 Maces & Flails
 + Level 13.2 Armour
 + Level 10.1 Dodging
 - Level 15.5 Shields
 + Level 16.0 Invocations
 + Level 9.3 Evocations


You had 12 spell levels left.
You didn't know any spells.
Your spell library contained the following spells:

 Spells                   Type           Power        Failure   Level
 Confusing Touch          Hex            0%           87%         3
 Gell's Gravitas          Tloc           0%           87%         3
 Ice Form                 Ice/Tmut       0%           99%         4
 Petrify                  Tmut/Erth      0%           99%         4
 Metabolic Englaciation   Hex/Ice        0%           100%        5
 Yara's Violent Unravell  Hex/Tmut       0%           100%        5
 Freezing Cloud           Conj/Ice/Air   0%           100%        6
 Ozocubu's Refrigeration  Ice            0%           100%        6
 Simulacrum               Ice/Necr       0%           100%        6


Dungeon Overview and Level Annotations

Branches:
Dungeon (1/1)

Altars:
Cheibriados
Dithmenos
Elyvilon
Fedhas
Gozag
Hepliaklqana
Kikubaaqudgha
Makhleb
Nemelex Xobeh
Okawaru
Qazlal
Ru
Sif Muna
Trog
Uskayaw
Vehumet
Wu Jian
Xom
Yredelemnul
Zin
The Shining One
Beogh
Jiyva
Lugonu

Shops:
D [!:*


Innate Abilities, Weirdness & Mutations

You are resistant to torment.
Your stone body is resilient. (AC +9)
You are immune to poison.
You resist negative energy. (rN+)
You are resistant to electric shocks. (rElec)
You can survive without breathing.
You are immune to petrification.
You are immune to miasma.


Message History

The azure jelly is severely wounded.
The azure jelly closely misses you.
The azure jelly hits you but does no damage.
You block the azure jelly's attack. The azure jelly misses you.
You impale the azure jelly!!
You kill the azure jelly!
Qazlal accepts your kill.
Your Dodging skill increases to level 10!
Your Invocations skill increases to level 16!
You impale the azure jelly!!
The azure jelly is heavily wounded.
You block the azure jelly's attack. The azure jelly hits you.
The azure jelly freezes you!! You block the azure jelly's attack.
The azure jelly barely misses you.
You closely miss the azure jelly.
The azure jelly is heavily wounded.
The azure jelly hits you!
* * * LOW HITPOINT WARNING * * *
The azure jelly freezes you!!
You die...

▓...+≈≈≈≈≈§≈≈≈♣♣.....♣♣♣♣≈≈≈
▓...#≈≈.≈§≈§≈≈♣♣†≈≈≈≈†♣♣'♣≈≈
▓...#≈≈§≈§§§≈≈≈'†....#.≈♣♣♣♣
▓...#≈.§§§§§≈≈♣♣♣♣♣♣♣#..♣♣
▓.!.#≈≈≈§§§.≈≈♣ ###'♣♣♣
▓##'####'#######♣ ♣♣♣♣.##.
▓....†....).....♣♣ ♣...##.#
▓#+#############'♣ ♣♣.##.##
▓...#≈....J@..†..♣ ♣..#.##
▓...'≈≈...######## ♣♣.##.#
▓...#≈≈≈......... ♣♣.##.#
▓...#≈≈≈≈........ ♣.....#
#+#############+# #######


You could see an azure jelly.

Vanquished Creatures
  Rupert (D)
  Gastronok (D)
  3 azure jellies (D)
  A nagaraja (D)
  2 dire elephants (D)
  Josephine (D)
  A naga warrior (D)
  6 anacondas (D)
  A centaur warrior (D)
  4 death yaks (D)
  Urug (D)
  An orc high priest (D)
  An unseen horror (D)
  A death drake (D)
  A spriggan druid (D)
  A lindwurm (D)
  An orc knight (D)
  2 orc sorcerers (D)
  A deep elf mage (D)
  2 elephants (D)
  6 black mambas (D)
  A guardian serpent (D)
  A komodo dragon (D)
  A rime drake (D)
  2 cane toads (D)
  3 wandering mushrooms (D)
  A queen bee (D)
  2 tyrant leeches (D)
  8 blink frogs (D)
  3 redbacks (D)
  2 spriggans (D)
  A shadow (D)
  A spatial vortex (D)
  2 nagas (D)
  5 water moccasins (D)
  A swamp drake (D)
  3 fire dragon simulacra (D)
  2 orc warriors (D)
  A necrophage (D)
  2 centaurs (D)
  An earth elemental (D)
  A water elemental (D)
  A scorpion (D)
  32 killer bees (D)
  2 orc priests (D)
  A jelly (D)
  A wizard (D)
  A necromancer (D)
  A polar bear simulacrum (D)
  A kobold demonologist (D)
  3 humans (D)
  4 adders (D)
  2 oozes (D)
  10 orcs (D)
  2 rats (D)
144 creatures vanquished.

Vanquished Creatures (others)
  2 hydras (D)
  An electric eel (D)
  12 plants (D)
15 creatures vanquished.

Grand Total: 159 creatures vanquished

Notes
Turn   | Place    | Note
-------+----------+-------------------------------------------
     0 | D        | rocky1 the Gargoyle Fighter began the quest for the Orb.
     0 | D        | Reached XP level 1. HP: 14/14 MP: 1/1
    17 | D        | Reached skill level 4 in Fighting
    17 | D        | Reached XP level 2. HP: 18/20 MP: 2/2
    96 | D        | Reached skill level 5 in Fighting
    96 | D        | Reached skill level 5 in Shields
    96 | D        | Reached XP level 3. HP: 17/26 MP: 3/3
   201 | D        | Noticed a scorpion
   209 | D        | Killed a scorpion
   210 | D        | Reached skill level 6 in Fighting
   210 | D        | Reached skill level 5 in Maces & Flails
   210 | D        | Reached XP level 4. HP: 24/32 MP: 4/4
   302 | D        | Noticed a water elemental
   305 | D        | Killed a water elemental
   306 | D        | Reached skill level 7 in Fighting
   306 | D        | Reached XP level 5. HP: 38/38 MP: 5/5
   403 | D        | Noticed a shadow
   410 | D        | Killed a shadow
   411 | D        | Reached skill level 8 in Fighting
   411 | D        | Reached XP level 6. HP: 37/45 MP: 6/6
   416 | D        | Found a blossoming altar of Fedhas.
   416 | D        | Found a stormy altar of Qazlal.
   416 | D        | Found a snail-covered altar of Cheibriados.
   416 | D        | Found a burning altar of Makhleb.
   416 | D        | Found a shimmering altar of Xom.
   417 | D        | Found a hazy altar of Hepliaklqana.
   417 | D        | Found an opulent altar of Gozag.
   417 | D        | Found a sparkling altar of Nemelex Xobeh.
   417 | D        | Found a corrupted altar of Lugonu.
   417 | D        | Found a viscous altar of Jiyva.
   417 | D        | Noticed a spatial vortex
   420 | D        | Became a worshipper of Qazlal Stormbringer
   427 | D        | Killed a spatial vortex
   428 | D        | Reached skill level 9 in Fighting
   428 | D        | Reached XP level 7. HP: 45/52 MP: 7/7
   465 | D        | Found a basalt altar of Yredelemnul.
   465 | D        | Found a shadowy altar of Dithmenos.
   465 | D        | Found a sacrificial altar of Ru.
   471 | D        | Reached * piety under Qazlal
   472 | D        | Reached skill level 10 in Fighting
   472 | D        | Reached skill level 10 in Shields
   536 | D        | Noticed a human
   538 | D        | Noticed a human
   548 | D        | Killed a human
   548 | D        | Killed a human
   549 | D        | Found a hide-covered altar of Uskayaw.
   549 | D        | Found an iron altar of Okawaru.
   553 | D        | Found a roughly hewn altar of Beogh.
   553 | D        | Found a bloodstained altar of Trog.
   553 | D        | Found an ornate altar of the Wu Jian Council.
   693 | D        | Found a radiant altar of Vehumet.
   693 | D        | Found a shimmering blue altar of Sif Muna.
   693 | D        | Found an ancient bone altar of Kikubaaqudgha.
   700 | D        | Reached ** piety under Qazlal
   706 | D        | Noticed a smoke demon
   709 | D        | Noticed a soul eater
   713 | D        | Reached XP level 8. HP: 45/59 MP: 11/11
   783 | D        | Found a glowing silver altar of Zin.
   783 | D        | Found a glowing golden altar of the Shining One.
   783 | D        | Found a white marble altar of Elyvilon.
   784 | D        | Noticed a deep elf mage
   794 | D        | Killed a deep elf mage
   795 | D        | Reached skill level 11 in Fighting
   795 | D        | Reached skill level 10 in Maces & Flails
   862 | D        | Noticed Josephine
   888 | D        | Killed Josephine
   889 | D        | Reached skill level 12 in Fighting
   889 | D        | Reached XP level 9. HP: 25/65 MP: 12/14
  1102 | D        | Reached *** piety under Qazlal
  1196 | D        | Noticed a centaur warrior
  1208 | D        | Killed a centaur warrior
  1212 | D        | Reached skill level 13 in Fighting
  1370 | D        | Found Genyugh's General Store.
  1370 | D        | Noticed an orc sorcerer
  1370 | D        | Noticed an orc high priest
  1371 | D        | Noticed an orc knight
  1372 | D        | Reached **** piety under Qazlal
  1373 | D        | Killed an orc sorcerer
  1374 | D        | Reached XP level 10. HP: 73/73 MP: 3/17
  1396 | D        | Noticed a smoke demon
  1397 | D        | Killed an orc high priest
  1398 | D        | Reached skill level 10 in Invocations
  1413 | D        | Killed an orc knight
  1423 | D        | Reached ***** piety under Qazlal
  1432 | D        | Noticed an orc sorcerer
  1434 | D        | Killed an orc sorcerer
  1435 | D        | Reached skill level 14 in Fighting
  1511 | D        | Bought the +10 morningstar of the Trees {vorpal, rN+} for
                  | 806 gold pieces
  1511 | D        | Bought a +1 kite shield of protection for 198 gold pieces
  1527 | D        | Bought a scroll of identify for 24 gold pieces
  1665 | D        | Killed an unseen horror
  1666 | D        | Reached skill level 1 in Dodging
  1786 | D        | Reached ****** piety under Qazlal
  1816 | D        | Reached XP level 11. HP: 67/80 MP: 16/19
  1821 | D        | Reached skill level 5 in Armour
  1926 | D        | Killed an eight-headed hydra
  2087 | D        | Reached skill level 15 in Shields
  2087 | D        | Killed a six-headed hydra
  2091 | D        | Reached skill level 15 in Fighting
  2165 | D        | Noticed a lindwurm
  2171 | D        | Killed a lindwurm
  2173 | D        | Noticed Urug
  2178 | D        | Killed Urug
  2323 | D        | Noticed a death drake
  2332 | D        | Killed a death drake
  2333 | D        | Reached skill level 5 in Dodging
  2375 | D        | Got a pair of warped boots
  2518 | D        | Found a blossoming altar of Fedhas.
  2518 | D        | Noticed a spriggan druid
  2526 | D        | Killed a spriggan druid
  2625 | D        | Noticed an anaconda
  2629 | D        | Reached skill level 1 in Evocations
  2633 | D        | Killed an anaconda
  2634 | D        | Reached XP level 12. HP: 72/88 MP: 21/21
  2737 | D        | Noticed an anaconda
  2742 | D        | Killed an anaconda
  2748 | D        | Noticed an anaconda
  2760 | D        | Killed an anaconda
  2761 | D        | Reached skill level 16 in Fighting
  2777 | D        | Noticed an anaconda
  2788 | D        | Killed an anaconda
  2817 | D        | Noticed an anaconda
  2824 | D        | Killed an anaconda
  2968 | D        | Noticed an anaconda
  2969 | D        | Noticed a nagaraja
  2969 | D        | Noticed a naga warrior
  2982 | D        | Killed an anaconda
  2983 | D        | Reached skill level 15 in Maces & Flails
  2983 | D        | Reached skill level 10 in Armour
  2985 | D        | Killed a nagaraja
  2986 | D        | Reached skill level 5 in Evocations
  2998 | D        | Killed a naga warrior
  3086 | D        | Found Efyruny's Antique Armour Shop.
  3086 | D        | Found Cusakof's Distillery.
  3088 | D        | Found Cacuiwk's Book Boutique.
  3110 | D        | Got a serpentine rune of Zot
  3126 | D        | Bought a pair of glowing gloves for 172 gold pieces
  3126 | D        | Bought a glowing cloak for 172 gold pieces
  3126 | D        | Bought a shiny helmet for 172 gold pieces
  3146 | D        | Identified the +1 pair of boots "Facutuen" {*Corrode rPois
                  | rN+ Dex+4} (You found it in the Dungeon)
  3374 | D        | Noticed Rupert
  3388 | D        | Killed Rupert
  3389 | D        | Reached skill level 17 in Fighting
  3389 | D        | Reached XP level 13. HP: 70/96 MP: 23/23
  3480 | D        | Noticed Gastronok
  3483 | D        | Noticed a dire elephant
  3490 | D        | Killed Gastronok
  3491 | D        | Noticed a dire elephant
  3496 | D        | Noticed an azure jelly
  3497 | D        | Noticed an azure jelly
  3501 | D        | Killed a dire elephant
  3501 | D        | Noticed an azure jelly
  3502 | D        | Noticed an azure jelly
  3509 | D        | Killed a dire elephant
  3510 | D        | Reached skill level 15 in Invocations
  3773 | D        | Killed an azure jelly
  3781 | D        | Killed an azure jelly
  3782 | D        | Reached skill level 18 in Fighting
  3791 | D        | Killed an azure jelly
  3792 | D        | Reached skill level 10 in Dodging
  3793 | D        | Slain by an azure jelly

Illustrated notes

Levels and vault maps discovered:
D:        dungeon_sprint_mu [sprint_mu_entry_cave, sprint_mu_temple_rooms,
          sprint_mu_d1_horrors, sprint_mu_d2_genie, sprint_mu_d3_branching,
          sprint_mu_orc_legion, sprint_mu_elf_gauntlet, sprint_mu_hive_nellie,
          sprint_mu_lair_fedhas, sprint_mu_vaults_butterflies,
          sprint_mu_slime_circle, sprint_mu_shoals_archi,
          sprint_mu_snake_twists, sprint_mu_blade_basic,
          sprint_mu_crypt_chambers, sprint_mu_tomb_spiral,
          sprint_mu_vestibule_basic, sprint_mu_gehenna_hellfire,
          sprint_mu_dis_giant, sprint_mu_tartarus_statrot,
          sprint_mu_cocytus_islands, sprint_mu_zot1]

Skill      XL: |  1  2  3  4  5  6  7  8  9 10 11 12 13 |
---------------+----------------------------------------+-----
Shields        | 4 5 6 7 9 10 12 13 14 15 | 15.5
Fighting       | 4 5 6 7 8 9 10 12 13 14 15 17 18 | 18.1
Maces & Flails | 3 4 5 7 8 9 11 12 13 14 15 16 | 16.0
Invocations    | 4 7 9 11 13 14 16 | 16.0
Dodging        | 2 5 8 10 | 10.1
Armour         | 4 8 11 13 | 13.2
Evocations     | 2 6 9 |  9.3

Action                   |  1- 3 |  4- 6 |  7- 9 | 10-12 | 13-15 || total
-------------------------+-------+-------+-------+-------+-------++-------
Melee: Flail             |    33 |    15 |    91 |    20 |       ||   159
       Morningstar       |       |       |       |   313 |    97 ||   410
Invok: Upheaval          |       |       |     4 |     6 |       ||    10
  Use: Potion            |       |     2 |     4 |     1 |       ||     7
       Scroll            |       |       |       |       |     5 ||     5
 Stab: Distracted        |       |       |       |     1 |       ||     1
       Confused          |       |       |       |     1 |       ||     1
Armor: Scale mail        |     9 |     1 |    13 |    58 |    23 ||   104
Dodge: Dodged            |     7 |     3 |    13 |    51 |    27 ||   101
Block: Kite shield       |    16 |     4 |    36 |   302 |    71 ||   429

Table legend: (Time is in decaauts)
 A = Elapsed time spent in this place.
 B = Non-inter-level travel time spent in this place.
 C = Inter-level travel time spent in this place.
 D = Time resting spent in this place.
 E = Time spent auto-exploring this place.
 F = Levels seen in this place.
 G = Mean time per level.
                   A        B        C        D        E       F      G
               +--------+--------+--------+--------+--------+-----+--------+
         Total |   3728 |   3678 |     50 |   2298 |      0 |   1 | 3728.0 |
       Dungeon |   3728 |   3678 |     50 |   2298 |      0 |   1 | 3728.0 |
               +--------+--------+--------+--------+--------+-----+--------+

Top non-repeatable levels by time:
       D: 3728 daAuts
